 Dungeon Crawl Stone Soup version 0.17-a0-1637-g5d65775 (webtiles) character file.

112 technomadic the Chopper (level 4, 0/39 HPs)
             Began as a Hill Orc Fighter on Aug 8, 2015.
             Succumbed to Crazy Yiuf's poison
             ... on level 3 of the Dungeon.
             The game lasted 00:04:23 (1860 turns).

technomadic the Chopper (Hill Orc Fighter)          Turns: 1860, Time: 00:04:23

Health: 0/39       AC:  9    Str: 19    XL:     4   Next: 95%
Magic:  3/4        EV:  9    Int:  8    God:
Gold:   172        SH:  0    Dex: 10    Spells: 0 memorised, 3 levels left

rFire  . . .     SeeInvis .     a - +1 war axe
rCold  . . .     Clarity  .     b - +0 scale mail
rNeg   . . .     SustAt   .     (no shield)
rPois  .         Gourm    .     q - +0 helmet
rElec  .         Spirit   .     (no cloak)
rCorr  .         Warding  .     (no gloves)
rMut   .         Stasis   .     k - +0 pair of boots
MR     .....                    (no amulet)
Stlth  ..........               (no ring)
                                (no ring)

@: lethally poisoned (0 -> -5), not resistant to hostile enchantments, extremely
unstealthy
A: no striking features
a: no special abilities


You were on level 3 of the Dungeon.
You were not hungry.

You visited 1 branch of the dungeon, and saw 3 of its levels.

You collected 172 gold pieces.

Inventory:

Hand weapons
 a - a +1 war axe (weapon)
Armour
 b - a +0 scale mail (worn)
 k - a +0 pair of boots (worn)
 q - a +0 helmet (worn)
Magical devices
 g - a wand of teleportation (1)
Scrolls
 c - 2 scrolls of teleportation {unknown}
 f - a scroll of identify
 h - a scroll of enchant weapon
 p - a scroll of blinking
 r - a scroll of immolation {unknown}
Potions
 d - 3 potions of might
 j - 2 potions of flight
 l - 3 potions of heal wounds
 m - 2 potions of curing
 n - a potion of haste
Comestibles
 e - 2 bread rations
 i - a meat ration
 o - 11 chunks of flesh
 s - a royal jelly
 t - 5 fruits


   Skills:
 - Level 3.6 Fighting
 + Level 6.5 Axes
 - Level 3.2 Armour
   Level 3.2 Shields


You had 3 spell levels left.
You didn't know any spells.

Dungeon Overview and Level Annotations

Branches:
Dungeon (3/15)

Altars:
Ashenzari
Dithmenos
Sif Muna
Trog
Vehumet


Message History

You hit Crazy Yiuf.
Crazy Yiuf is lightly wounded.
You feel sick.
Crazy Yiuf cries, "Nubble high pontify!"
Crazy Yiuf closely misses you.
You closely miss Crazy Yiuf.
Crazy Yiuf is lightly wounded.
Crazy Yiuf barely misses you.
You closely miss Crazy Yiuf.
Crazy Yiuf is lightly wounded.
You feel sick. Crazy Yiuf completely misses you.
You slash Crazy Yiuf!
Crazy Yiuf is almost dead.
You feel sick.
Crazy Yiuf hits you with a quarterstaff of chaos!
You are electrocuted!
* * * LOW HITPOINT WARNING * * *
You slash Crazy Yiuf!
You kill Crazy Yiuf!
You die...

##.)##
#####...#
#....#
........##
##PP.#
.......[.#
#PP.#
#....8...#
##.##
#...8.8..#
##.#
##.8._.8..
#.##
#..8.8...
##.#
#...8....
#@##
#.......#
#)#
#########
... #...#
#)..#
#####


There were no monsters in sight!

Vanquished Creatures
  Crazy Yiuf (D:3)
  3 adders
  A worm (D:3)
  4 giant geckos
  5 orcs
  4 bats
  4 giant cockroaches
  4 goblins
  4 hobgoblins
  6 kobolds
  4 giant newts
  2 quokkas (D:2)
  7 rats
49 creatures vanquished.

Vanquished Creatures (others)
  A fungus (D:3)
1 creature vanquished.

Grand Total: 50 creatures vanquished

Notes
Turn   | Place    | Note
--------------------------------------------------------------
     0 | D:1      | technomadic the Hill Orc Fighter began the quest for the Orb.
     0 | D:1      | Reached XP level 1. HP: 19/19 MP: 1/1
   312 | D:1      | Reached XP level 2. HP: 26/26 MP: 2/2
   869 | D:2      | Reached skill level 4 in Axes
  1084 | D:2      | Reached XP level 3. HP: 28/31 MP: 3/3
  1271 | D:2      | Found a shattered altar of Ashenzari.
  1275 | D:2      | Found a shadowy altar of Dithmenos.
  1275 | D:2      | Found a radiant altar of Vehumet.
  1278 | D:2      | Found a deep blue altar of Sif Muna.
  1347 | D:2      | Found a bloodstained altar of Trog.
  1364 | D:2      | Reached skill level 5 in Axes
  1579 | D:3      | Reached XP level 4. HP: 28/39 MP: 4/4
  1660 | D:3      | Found a faded altar to an unknown god.
  1747 | D:3      | Reached skill level 6 in Axes
  1851 | D:3      | Noticed Crazy Yiuf
  1859 | D:3      | HP: 1/39 [Crazy Yiuf/quarterstaff of chaos (16)]
  1860 | D:3      | Killed Crazy Yiuf
  1860 | D:3      | Succumbed to Crazy Yiuf's poison

Vault maps used:
D:1:      scummos_arrival_forest, minmay_door_square, kennysheep_boxes
D:2:      minitemple, trog_butcher_becter
D:3:      ecumenical_altar_2, uniq_crazy_yiuf_cottage

Action                   |  1- 3 |  4- 6 || total
-------------------------+-------+-------++-------
Melee: War axe           |   130 |    38 ||   168
  Use: Scroll            |    10 |       ||    10
  Eat: Chunk             |     2 |     1 ||     3
